 Dungeon Crawl Stone Soup version 0.28-a0-1510-gd0f6b136d3 (webtiles) character file.

Game seed: 11827576811111227696

11389 tatocazan the Covert (level 12, -5/76 HPs)
             Began as a Kobold Hunter on Jan 15, 2022.
             Was a Believer of Wu Jian.
             Slain by a yak (14 damage)
             ... on level 1 of the Lair of Beasts.
             The game lasted 00:18:53 (16225 turns).

tatocazan the Covert (Kobold Hunter)               Turns: 16225, Time: 00:18:54

Health: -5/76      AC:  8    Str: 17    XL:     12   Next: 7%
Magic:  12/12      EV: 21    Int: 12    God:    Wu Jian [**....]
Gold:   585        SH:  0    Dex: 19    Spells: 11/11 levels left

rFire   . . .      SeeInvis .   x - +3 short sword (venom)
rCold   . . .      Faith    .   (no shield)
rNeg    . . .      Spirit   .   J - +0 steam dragon scales
rPois   .          Reflect  .   p - +0 helmet
rElec   .          Harm     .   M - scarf {shadows}
rCorr   .          Rampage  .   l - +0 pair of gloves
Will    .....                   y - +0 pair of boots
Stlth   ++++++....              D - amulet of the acrobat
HPRegen 0.22/turn               n - +4 ring of slaying
MPRegen 0.13/turn               C - +6 ring of strength

@: no status effects
A: small, no large weapons, nightstalker 3
a: Renounce Religion, Wall Jump


You were on level 1 of the Lair of Beasts.
You worshipped Wu Jian.
Wu Jian was pleased with you.
You visited 2 branches of the dungeon, and saw 11 of its levels.

You collected 585 gold pieces.

Inventory:

Hand Weapons
 a - a +1 hand crossbow
 x - a +3 short sword of venom (weapon)
Missiles
 d - 104 bolts
 t - 2 atropa-tipped darts (quivered)
Armour
 l - a +0 pair of gloves (worn)
 p - a +0 helmet (worn)
 y - a +0 pair of boots (worn)
 J - +0 steam dragon scales (worn)
 K - a +2 cloak
 L - a +0 buckler
 M - a scarf of shadows (worn)
Jewellery
 c - a +4 ring of protection
 n - a +4 ring of slaying (left hand)
 s - a ring of willpower
 z - an amulet of reflection
 C - a +6 ring of strength (right hand)
 D - an amulet of the acrobat (around neck)
Wands
 i - a wand of digging (6)
 q - a wand of flame (12)
 E - a wand of iceblast (29)
 F - a wand of charming (5)
 H - a wand of acid (5)
 Q - a wand of mindburst (8)
Scrolls
 f - 2 scrolls of teleportation
 g - a scroll of enchant armour
 j - 2 scrolls of noise
 k - a scroll of fear
 v - a scroll of identify
 A - a scroll of immolation
 P - a scroll of magic mapping
Potions
 b - 2 potions of ambrosia
 e - 7 potions of curing
 h - 5 potions of heal wounds
 m - a potion of flight
 o - a potion of might {unknown}
 r - 3 potions of attraction
 u - a potion of lignification {unknown}
 w - a potion of mutation {unknown}
 B - 2 potions of invisibility
 G - a potion of berserk rage
 I - a potion of resistance {unknown}
 N - 3 potions of haste


   Skills:
 + Level 9.2 Fighting
 * Level 11.2 Short Blades
 - Level 11.0 Crossbows
 + Level 10.0 Dodging
 + Level 11.5 Stealth


You had 11 spell levels left.
You didn't know any spells.
Your spell library contained the following spells:

 Spells                   Type           Power      Damage    Failure   Level
 Foxfire                  Conj/Fire      0%         2x1d4     32%         1
 Conjure Flame            Conj/Fire      0%         6-21      69%         3
 Inner Flame              Hex/Fire       0%         N/A       69%         3
 Summon Guardian Golem    Hex/Summ       0%         N/A       69%         3
 Flame Wave               Conj/Fire      0%         2d4       97%         4
 Orb of Destruction       Conj           0%         9d5       100%        7
 Spellforged Servitor     Conj/Summ      0%         N/A       100%        7


Dungeon Overview and Level Annotations

Branches:
Dungeon (10/15)            Temple (0/1) D:6            Lair (1/6) D:10
    Orc: D:9-12

Altars:
Ashenzari
Dithmenos
Fedhas
Hepliaklqana
Okawaru
Trog
Vehumet
Wu Jian

Shops:
D:1 ([=(   D:4 !   D:7 :

Annotations:
D:9 3 runed translucent doors, voltaire321's ghost, novice HOFi


Innate Abilities, Weirdness & Mutations

You are small and have problems with some larger weapons.
You are completely attuned to the shadows.


Message History

You hit the yak.
The yak looks as sick as possible!
The yak is lightly wounded.
The yak gores you.
* * * LOW HITPOINT WARNING * * *
The yak gores you but does no damage.
You take 5 damage, and have 22/76 hp.
You spin and attack the yak repeatedly.
You barely miss the yak.
The yak is moderately wounded.
You hit the yak.
The yak is moderately wounded.
The yak misses you.
You spin and attack the yak.
You hit the yak but do no damage.
The yak is poisoned.
You spin and attack the yak repeatedly.
You hit the yak.
The yak is poisoned.
The yak is lightly wounded.
You hit the yak.
The yak is lightly wounded.
You spin and attack the yak repeatedly.
You hit the yak.
The yak looks as sick as possible!
The yak is moderately wounded.
You puncture the yak!
The yak is heavily wounded.
You spin and attack the yak repeatedly.
You puncture the yak!
The yak looks as sick as possible!
The yak is severely wounded.
You hit the yak but do no damage.
The yak is severely wounded.
The yak misses you. x2; The yak gores you!
* * * LOW HITPOINT WARNING * * *
You take 14 damage, and have 9/76 hp.
You spin and attack the yak repeatedly.
You hit the yak.
The yak is heavily wounded.
You barely miss the yak.
The yak is heavily wounded.
You spin and attack the yak repeatedly.
You hit the yak.
The yak is lightly wounded.
You hit the yak.
The yak looks as sick as possible!
The yak is moderately wounded.
The yak closely misses you. The yak gores you!
You die...

.#+#####
#.........#.......
..^....###.......
##..#### .#.+###
##P..## ## #...#.#
#..#### ###.###
##.†.... ##..Y@...
>...YY...
###...... #......
####.#. ##


You could see 3 yaks.

Vanquished Creatures
  Erolcha (D:9)
  A two-headed ogre (D:7)
  Maurice (D:8)
  Joseph (Lair:1)
  An unseen horror (D:10)
  2 komodo dragons (Lair:1)
  3 meliai (D:10)
  A hornet (D:10)
  5 blink frogs (Lair:1)
  A shadow (D:7)
  A wyvern (D:8)
  9 yaks
  Grum (D:9)
  6 steam dragons
  Edmund (D:6)
  3 water moccasins (D:7)
  An orc warrior (D:7)
  4 ogres
  6 wolves
  2 phantoms
  3 centaurs
  2 kobold brigands
  A bullfrog (D:8)
  2 scorpions
  14 killer bees
  6 wights (D:9)
  An electric eel (Lair:1)
  2 howler monkeys
  5 centaur zombies
  A bullfrog zombie (D:5)
  4 hounds
  A gnoll shaman (D:4)
  8 orc priests
  2 centaur skeletons
  Ijyb (D:3)
  2 iguanas (D:5)
  4 orc wizards
  2 killer bee zombies (D:8)
  A hound skeleton (D:3)
  A howler monkey zombie (D:8)
  12 gnolls
  A howler monkey skeleton (D:5)
  8 adders
  2 white imps
  3 ufetubi
  2 adder skeletons
  3 worms (D:2)
  25 orcs
  6 bats
  2 endoplasms (D:2)
  3 giant cockroaches
  6 goblins
  12 hobgoblins
  7 jackals (D:1)
  16 kobolds
  3 quokkas
  10 ball pythons
  6 frilled lizards
  5 rats
246 creatures vanquished.

Vanquished Creatures (others)
  4 bushes (D:7)
  7 fungi
  25 plants
36 creatures vanquished.

Grand Total: 282 creatures vanquished

Notes
Turn   | Place    | Note
-------+----------+-------------------------------------------
     0 | D:1      | tatocazan the Kobold Hunter began the quest for the Orb.
     0 | D:1      | Reached XP level 1. HP: 12/12 MP: 1/1
   267 | D:1      | Found Vyheur's Jewellery Shop.
   408 | D:1      | Reached XP level 2. HP: 18/18 MP: 2/2
   822 | D:1      | Found Wiggir's Antique Weapon Boutique.
   971 | D:1      | Reached skill level 1 in Short Blades
   971 | D:1      | Found Dueb Ocw's Weapon Emporium.
   985 | D:1      | Reached skill level 5 in Crossbows
  1063 | D:1      | Reached XP level 3. HP: 9/22 MP: 3/3
  1654 | D:1      | Found Qiruon's Antique Armour Emporium.
  2336 | D:2      | Found a faded altar of an unknown god.
  2632 | D:2      | Reached XP level 4. HP: 27/27 MP: 4/4
  3332 | D:2      | Found a bloodstained altar of Trog.
  3606 | D:3      | Reached XP level 5. HP: 32/32 MP: 5/5
  3629 | D:3      | Noticed Ijyb
  3634 | D:3      | Killed Ijyb
  3835 | D:3      | Found a radiant altar of Vehumet.
  3987 | D:3      | Identified the +0 pair of boots of the Evil One {Harm Drain
                  | Dex+4}
  4440 | D:4      | Reached XP level 6. HP: 33/37 MP: 6/6
  4907 | D:4      | Found Xovidghio's Distillery.
  5975 | D:4      | Reached XP level 7. HP: 42/42 MP: 7/7
  6110 | D:5      | Entered Level 5 of the Dungeon
  7211 | D:5      | Reached XP level 8. HP: 33/48 MP: 8/8
  7572 | D:5      | Found a hazy altar of Hepliaklqana.
  7650 | D:5      | Reached skill level 5 in Stealth
  8086 | D:5      | Reached skill level 5 in Dodging
  8548 | D:6      | Found an ornate altar of the Wu Jian Council.
  8553 | D:6      | Noticed a gargoyle
  8602 | D:6      | Reached skill level 5 in Short Blades
  8788 | D:6      | Reached skill level 5 in Fighting
  8791 | D:6      | Became a worshipper of the Wu Jian Council
  8807 | D:6      | Found a staircase to the Ecumenical Temple.
  9135 | D:6      | Noticed Edmund
  9141 | D:6      | Found an iron altar of Okawaru.
  9141 | D:6      | Found a bloodstained altar of Trog.
  9145 | D:6      | Killed Edmund
  9146 | D:6      | Reached XP level 9. HP: 46/54 MP: 9/9
 10009 | D:7      | Found a broken altar of Ashenzari.
 10053 | D:7      | Found Zusebbitt's Book Shoppe.
 10304 | D:7      | Found a blossoming altar of Fedhas.
 10375 | D:7      | Noticed a two-headed ogre
 11224 | D:7      | Killed a two-headed ogre
 11225 | D:7      | Reached skill level 10 in Crossbows
 11225 | D:7      | Reached XP level 10. HP: 61/61 MP: 10/10
 11293 | D:7      | Found a shadowy altar of Dithmenos.
 11568 | D:8      | Noticed Maurice
 11581 | D:8      | Killed Maurice
 12028 | D:8      | Reached * piety under Wu Jian
 12111 | D:8      | Noticed a two-headed ogre
 12932 | D:9      | Reached XP level 11. HP: 48/67 MP: 11/11
 13418 | D:9      | Found a runed translucent gate.
 13419 | D:9      | Found a runed translucent gate.
 13420 | D:9      | Found a runed translucent gate.
 13515 | D:9      | Noticed Erolcha
 13517 | D:9      | Killed Erolcha
 13518 | D:9      | Reached skill level 10 in Stealth
 13544 | D:9      | Reached ** piety under Wu Jian
 13694 | D:9      | Noticed Grum
 13708 | D:9      | Killed Grum
 14300 | D:9      | Noticed voltaire321's ghost (novice HOFi)
 14349 | D:10     | Entered Level 10 of the Dungeon
 15309 | D:10     | Reached skill level 10 in Short Blades
 15439 | D:10     | Found a staircase to the Lair.
 15539 | Lair:1   | Entered Level 1 of the Lair of Beasts
 15618 | Lair:1   | Noticed Joseph
 15620 | Lair:1   | Killed Joseph
 15842 | Lair:1   | Reached XP level 12. HP: 46/76 MP: 12/12
 16116 | Lair:1   | Reached skill level 10 in Dodging
 16225 | Lair:1   | Slain by a yak

Illustrated notes

Levels and vault maps discovered:
D:1:      psy_arrival_radial02, layout_basic, serial_shops,
          nicolae_shop_behind_doors, nicolae_shop_overgrown_old_shop, shop,
          shop, serial_aquarium, aquarium_bridge_long_joined
          [aquarium_subvault_window, aquarium_subvault_wall,
          aquarium_subvault_wall, aquarium_subvault_wall,
          aquarium_subvault_bridge, aquarium_subvault_bridge],
          aquarium_bridge_square [aquarium_subvault_wall,
          aquarium_subvault_bridge, aquarium_subvault_bridge,
          aquarium_subvault_balcony], aquarium_window_fake, aquarium_window_1,
          aquarium_view_2d, aquarium_view_2e, aquarium_balcony_double_4,
          dk_noncrumbling_4
D:2:      layout_loops_corners, basic_altar, ebering_ecumenical_altar_rust,
          minmay_misc_feat_iff, minmay_3d_cube
D:3:      corexii_shack_village, layout_basic, general_overflow_altar,
          minmay_close_crescents, uniq_ijyb
D:4:      layout_basic, serial_shops, kennysheep_little_box
D:5:      layout_rooms, nicolae_overflow_crystal_walls, gup_sewer_entry_glass
D:6:      layout_loops_ring, nicolae_wu_jian_wuxing_cycle,
          grunt_temple_overflow_bloody_war, minmay_temple_entry_crystal_x,
          minmay_misc_feat_doors, kennysheep_potato, uniq_edmund, uniq_pikel
D:7:      layout_basic, kennysheep_mini_moat, fedhas_altar_decomposition,
          ashenzari_conservatory_becter, serial_shops, shop, chequers_jeans
D:8:      minmay_s_stair_smasher, layout_rooms, minmay_manual_mullet,
          uniq_gastronok, uniq_maurice
D:9:      layout_layer_cave, gammafunk_ghost_nasty_kobolds, minivault_21,
          uniq_grum, uniq_erolcha
D:10:     layout_cave_pools, erik_lair_island
Lair:1:   layout_roguey, serial_bayou_lake_a, uniq_joseph

Skill      XL: |  1  2  3  4  5  6  7  8  9 10 11 12 |
---------------+-------------------------------------+-----
Short Blades   | 1 2 3 4 5 7 8 11 | 11.2
Crossbows      | 5 6 7 8 10 11 | 11.0
Stealth        | 2 3 4 6 7 9 11 | 11.5
Dodging        | 3 4 5 6 8 9 10 | 10.0
Fighting       | 3 4 5 6 7 9 |  9.2

Action                   |  1- 3 |  4- 6 |  7- 9 | 10-12 || total
-------------------------+-------+-------+-------+-------++-------
Melee: Short sword       |   153 |    77 |   173 |   303 ||   706
       Punch             |     3 |     2 |     2 |     3 ||    10
 Fire: Hand crossbow     |    20 |    44 |    58 |    35 ||   157
Throw: Dart              |       |       |     2 |       ||     2
Invok: Lunge             |       |       |     8 |    21 ||    29
       Whirlwind         |       |       |       |    51 ||    51
  Use: Scroll            |       |       |    14 |    10 ||    24
 Stab: Sleeping          |     7 |    15 |    16 |    21 ||    59
       Distracted        |       |       |     3 |     7 ||    10
Armor: Leather armour    |    53 |    13 |    32 |     2 ||   100
       Steam dragon scal |       |       |       |    55 ||    55
Dodge: Dodged            |   178 |    57 |   120 |   281 ||   636

Table legend: (Time is in decaauts)
 A = Elapsed time spent in this place.
 B = Non-inter-level travel time spent in this place.
 C = Inter-level travel time spent in this place.
 D = Time resting spent in this place.
 E = Time spent auto-exploring this place.
 F = Levels seen in this place.
 G = Mean time per level.
                   A        B        C        D        E       F      G
               +--------+--------+--------+--------+--------+-----+--------+
         Total |  16207 |  15687 |    520 |   5595 |   8188 |  11 | 1473.4 |
       Dungeon |  15516 |  14996 |    520 |   5237 |   7927 |  10 | 1551.6 |
          Lair |    690 |    690 |      0 |    358 |    261 |   1 |  690.0 |
               +--------+--------+--------+--------+--------+-----+--------+

Top non-repeatable levels by time:
     D:4: 2499 daAuts
     D:1: 2105 daAuts
     D:9: 2048 daAuts
     D:7: 1761 daAuts
     D:3: 1434 daAuts
     D:2: 1298 daAuts
     D:5: 1222 daAuts
    D:10: 1180 daAuts
     D:6: 1010 daAuts
     D:8: 955 daAuts
  Lair:1: 690 daAuts
